 Dungeon Crawl Stone Soup version 0.31-a0-188-g5e087ee2ca (webtiles) character file.

Game seed: 10831359051836477126

402 qw the Skirmisher (level 6, -9/35 HPs)
             Began as a Deep Elf Hunter on June 23, 2023.
             Mangled by an iguana (12 damage)
             ... on level 5 of the Dungeon.
             The game lasted 00:01:06 (2910 turns).

qw the Skirmisher (Deep Elf Hunter)                 Turns: 2910, Time: 00:01:06

Health: -9/35      AC:  6    Str: 10      XL:     6   Next: 55%
Magic:  8/8        EV: 11    Int: 14      God:
Gold:   259        SH:  0    Dex: 16 (18) Spells: 5/5 levels left

rFire   . . .        Y - +0 orcbow
rCold   . . .        (shield currently unavailable)
rNeg    . . .        f - +0 ring mail
rPois   .            (no helmet)
rElec   .            b - +0 cloak
rCorr   .            (no gloves)
SInv    .            (no boots)
Will    .....        (no amulet)
Stlth   +            (no ring)
HPRegen 0.25/turn    (no ring)
MPRegen 0.11/turn

%: no passive effects
@: about to teleport
A: no striking features
a: no special abilities


You were on level 5 of the Dungeon.
You visited 1 branch of the dungeon, and saw 5 of its levels.

You collected 259 gold pieces.


   Skills:
 - Level 2.1 Fighting
 - Level 10.1 Ranged Weapons
 + Level 0.0 Armour
 - Level 2.4 Dodging
 - Level 1.2 Stealth


You had 5 spell levels left.
You didn't know any spells.
Your spell library was empty.

Inventory:

Hand Weapons
 Y - a +0 orcbow (weapon)
Armour
 b - a +0 cloak (worn)
 f - a +0 ring mail (worn)
Potions
 a - a potion of might
 d - a potion of lignification {unknown}
 h - a potion of haste
 i - a potion of curing
 k - a potion of heal wounds {unknown}
 l - a potion of experience {unknown}

Dungeon Overview and Level Annotations

Branches:
Dungeon (5/15)
 Temple: D:4-7

Altars:
Dithmenos
The Shining One


Message History

Done exploring.
(D) Dungeon
Where to? (* - list waypoints, Enter - D:5, ? - help)
What level of the Dungeon? (default 1, ? - help)
You climb downwards.
There is a stone staircase leading up here.
Found 6 stones.
An iguana comes into view.
You shoot an arrow. The arrow barely misses the iguana.
You shoot an arrow. The arrow barely misses the iguana.
You shoot an arrow. The arrow hits the iguana.
The iguana is moderately wounded.
You shoot an arrow.
The arrow hits the iguana but does no damage.
The iguana is moderately wounded.
You shoot an arrow. The arrow hits the iguana.
The iguana is severely wounded.
The iguana bites you!
You shoot an arrow. The arrow barely misses the iguana.
The iguana bites you but does no damage.
You shoot an arrow.
The arrow hits the iguana but does no damage.
The iguana is severely wounded.
The iguana bites you!
You shoot an arrow. The arrow barely misses the iguana.
The iguana bites you!
You shoot an arrow.
The arrow hits the iguana but does no damage.
The iguana is severely wounded.
The iguana bites you but does no damage.
The iguana misses you.
You shoot an arrow. The arrow barely misses the iguana.
The iguana bites you!
2909 ||| READING scroll of teleportation.
As you read the scroll of teleportation, it crumbles to dust.
You feel strangely unstable. The iguana misses you.
You shoot an arrow. The arrow barely misses the iguana.
The iguana bites you!
You die...

........#
.......#
.......#
......#
.....(#
#.....#
#l....#
#@....#
#.....#
#.....#
#.....###
#........
#........
#........
#........
#........


You could see an iguana.

Vanquished Creatures
  An ice beast (D:4)
  An ogre (D:4)
  A hound (D:4)
  2 sleepcaps (D:4)
  Natasha (D:2)
  4 adders
  A worm (D:2)
  5 dart slugs
  An orc (D:3)
  9 endoplasms
  2 giant cockroaches
  5 goblins
  4 hobgoblins
  3 quokkas
  8 ball pythons
  9 bats
  3 frilled lizards (D:2)
  5 kobolds
  7 rats
72 creatures vanquished.

Notes
Turn   | Place    | Note
-------+----------+-------------------------------------------
     0 | D:1      | qw the Deep Elf Hunter began the quest for the Orb.
     0 | D:1      | Reached XP level 1. HP: 12/12 MP: 3/3
     0 | D:1      | 0 ||| qw: Version: 0.3-a-9-g12657ce
     0 | D:1      | 0 ||| qw: Game counter: 3167
     0 | D:1      | 0 ||| qw: Always use a shield: true
     0 | D:1      | 0 ||| qw: God list: Okawaru
     0 | D:1      | 0 ||| qw: Allow faded altars: false
     0 | D:1      | 0 ||| qw: Do Orc after D:15 true
     0 | D:1      | 0 ||| qw: Do second Lair branch before Depths: true
     0 | D:1      | 0 ||| qw: Lair rune preference: random
     0 | D:1      | 0 ||| qw: Plans: Normal
     0 | D:1      | 0 ||| PLANNING D:1-11
   245 | D:1      | 245 ||| FLEEEEING.
   293 | D:1      | Reached XP level 2. HP: 16/16 MP: 4/4
   305 | D:1      | Reached skill level 6 in Ranged Weapons
   419 | D:1      | Found a faded altar of an unknown god.
   422 | D:1      | 422 ||| Stepping ~*~*~tactically~*~*~ (water).
   757 | D:1      | 757 ||| READING scroll labelled VINNAHEAST.
   758 | D:1      | 758 ||| READING scroll labelled JAFRYI ZIZUFRA.
   759 | D:1      | 759 ||| READING scroll labelled ANAOPN BABUWOVO.
   760 | D:1      | 760 ||| READING scroll labelled HELLUR BUCAI.
   761 | D:1      | 761 ||| READING scroll labelled ZUMEG SUANOCO.
   764 | D:1      | 764 ||| DROPPING scroll of butterflies.
   786 | D:2      | Reached XP level 3. HP: 20/20 MP: 5/5
   863 | D:2      | Noticed Natasha
   865 | D:2      | Killed Natasha
   866 | D:2      | Reached skill level 7 in Ranged Weapons
   906 | D:2      | Reached XP level 4. HP: 21/25 MP: 6/6
  1350 | D:2      | 1350 ||| DROPPING +1 robe of positive energy.
  1351 | D:2      | 1351 ||| READING 2 scrolls labelled XOFFUGROMYA.
  1352 | D:2      | 1352 ||| READING scroll labelled NAMIET TUWNAU.
  1353 | D:2      | 1353 ||| DRINKING 2 blue potions.
  1354 | D:2      | 1354 ||| DRINKING 2 lumpy puce potions.
  1355 | D:2      | 1355 ||| DRINKING 2 green potions.
  1356 | D:2      | 1356 ||| DROPPING potion of invisibility.
  1357 | D:2      | 1357 ||| DROPPING scroll of amnesia.
  1496 | D:3      | Reached skill level 8 in Ranged Weapons
  1575 | D:3      | Identified the +4 long sword "Roulin" {elec, Int+3}
  1883 | D:3      | Found a shadowy altar of Dithmenos.
  1884 | D:3      | 1884 ||| SWAPPING to +0 orcbow.
  1885 | D:3      | 1885 ||| DROPPING +0 shortbow of flaming.
  1886 | D:3      | Found a glowing golden altar of the Shining One.
  2106 | D:3      | 2106 ||| UPGRADING to +0 cloak.
  2111 | D:3      | 2111 ||| UPGRADING to +0 ring mail.
  2121 | D:3      | 2121 ||| DROPPING +0 leather armour.
  2122 | D:3      | 2122 ||| READING scroll labelled TIREYGA XAKLE.
  2123 | D:3      | 2123 ||| DRINKING 2 golden potions.
  2124 | D:3      | 2124 ||| DROPPING potion of degeneration.
  2158 | D:4      | Reached XP level 5. HP: 28/29 MP: 7/7
  2205 | D:4      | Noticed an ogre
  2210 | D:4      | Killed an ogre
  2211 | D:4      | Reached skill level 9 in Ranged Weapons
  2386 | D:4      | Reached XP level 6. HP: 27/35 MP: 8/8
  2724 | D:4      | 2724 ||| READING scroll labelled OVIKIF JAXUDE.
  2788 | D:4      | 2788 ||| DRINKING 2 dark potions.
  2811 | D:5      | Entered Level 5 of the Dungeon
  2811 | D:5      | Noticed an ice beast
  2819 | D:5      | 2819 ||| STAIRDANCE
  2823 | D:4      | Killed an ice beast
  2824 | D:4      | Reached skill level 10 in Ranged Weapons
  2908 | D:5      | HP: 3/35 [iguana (8)]
  2909 | D:5      | 2909 ||| READING scroll of teleportation.
  2910 | D:5      | Mangled by an iguana

Levels and vault maps discovered:
D:1:      minmay_arrival_widening_spiral_narrow, layout_rooms,
          chequers_ecumenical_altar_island
D:2:      layout_loops_ring, uniq_natasha
D:3:      minmay_inner_zag, layout_loops_ring, nicolae_overflow_squiral,
          kennysheep_generic_room_10
D:4:      layout_loops_ring
D:5:      layout_gridville

Skill      XL: |  1  2  3  4  5  6 |
---------------+-------------------+-----
Ranged Weapons | 6 7 8 9 10 | 10.1
Fighting       | 2 |  2.1
Dodging        | |  2.4
Stealth        | |  1.2

Action                     |  1- 3 |  4- 6 || total
---------------------------+-------+-------++-------
   Fire: Shortbow          |    80 |    62 ||   142
         Orcbow            |       |    76 ||    76
    Use: Scroll            |     5 |     5 ||    10
         Potion            |       |     5 ||     5
 Armour: Leather armour    |    11 |     6 ||    17
         Ring mail         |       |    14 ||    14
  Dodge: Dodged            |    18 |    18 ||    36

Table legend:
 A = Non-vault XP
 B = Vault XP
 C = Vault XP percentage of total XP
 D = Non-vault monster count
 E = Vault monster count
 F = Vault count percentage of total count
                 A         B        C        D         E       F
            +---------+---------+-------+---------+---------+-------
      Total |     530 |      45 |   7.8 |      66 |       6 |   8.3
            +---------+---------+-------+---------+---------+-------
        D:1 |      39 |       0 |   0.0 |      22 |       0 |   0.0
        D:2 |      67 |      35 |  34.3 |      24 |       1 |   4.0
        D:3 |      23 |      10 |  30.3 |       6 |       5 |  45.5
        D:4 |     397 |       0 |   0.0 |      13 |       0 |   0.0
        D:5 |       4 |       0 |   0.0 |       1 |       0 |   0.0
            +---------+---------+-------+---------+---------+-------
